 Dungeon Crawl Stone Soup version 0.31.0-11-ge490571c62 (webtiles) character file.

Game seed: 15424470549485230331

273 qw the Shooter (level 6, -3/30 HPs)
             Began as a Spriggan Hunter on Feb 3, 2024.
             Slain by an iguana (9 damage)
             ... on level 4 of the Dungeon.
             The game lasted 00:00:09 (2370 turns).

qw the Shooter (Spriggan Hunter)                    Turns: 2370, Time: 00:00:09

Health: -3/30      AC:  2    Str:  7    XL:     6   Next: 2%
Magic:  7/7        EV: 20    Int: 10    God:
Gold:   66         SH:  0    Dex: 21    Spells: 5/5 levels left

rFire   . . .        a - +0 shortbow
rCold   . . .        (shield currently unavailable)
rNeg    . . .        c - +0 robe
rPois   .            (helmet restricted)
rElec   .            (no cloak)
rCorr   .            (gloves unavailable)
SInv    +            (boots unavailable)
Will    +....        (no amulet)
Stlth   ++           (no ring)
HPRegen 0.25/turn    (no ring)
MPRegen 0.10/turn

%: no passive effects
@: about to teleport, very quick
A: very small, no large weapons, unfitting armour, see invisible, speed 3
a: no special abilities


You were on level 4 of the Dungeon.
You visited 1 branch of the dungeon, and saw 4 of its levels.

You collected 164 gold pieces.
You spent 98 gold pieces at shops.


Innate Abilities, Weirdness & Mutations

You are very small and have problems with some larger weapons.
You are too small for most types of armour.
You have supernaturally acute eyesight. (SInv)
You cover ground extremely quickly. (Speed+++)


   Skills:
 - Level 2.1 Fighting
 - Level 6.3 Ranged Weapons
 + Level 5.0 Dodging
 - Level 1.5 Stealth


You had 5 spell levels left.
You didn't know any spells.
Your spell library was empty.

Inventory:

Hand Weapons
 a - a +0 shortbow (weapon)
Armour
 c - a +0 robe (worn)
Jewellery
 d - a ring of ice
Scrolls
 f - a scroll of teleportation
 g - a scroll of revelation {unknown}
Potions
 b - a potion of degeneration {unknown}
 e - a potion of resistance
 h - a potion of lignification {unknown}
 i - 4 potions of curing
 j - a potion of might

Dungeon Overview and Level Annotations

Branches:
Dungeon (4/15)
 Temple: D:4-7

Altars:

Shops:
D:2 ?


Message History

The sleepcap is lightly damaged.
The sleepcap releases spores at you but does no damage.
The iguana completely misses you.
You shoot an arrow. The arrow hits the sleepcap.
The sleepcap is moderately damaged.
The sleepcap releases spores at you.
You are engulfed in a cloud of soporific spores!
You fall asleep.
The iguana barely misses you. The sleepcap releases spores at you.
You wake up.
You are engulfed in a cloud of soporific spores!
You are unaffected.
The iguana closely misses you.
You shoot an arrow.
The arrow hits the sleepcap but does no damage.
The sleepcap is moderately damaged.
The sleepcap releases spores at you but does no damage.
The iguana completely misses you.
You shoot an arrow.
The arrow hits the sleepcap but does no damage.
The sleepcap is moderately damaged.
The sleepcap misses you. The iguana completely misses you.
You shoot an arrow. The arrow hits the sleepcap!
The sleepcap is severely damaged.
The sleepcap closely misses you. The iguana closely misses you.
You shoot an arrow. The arrow hits the sleepcap.
The sleepcap is severely damaged.
The sleepcap releases spores at you but does no damage.
The iguana closely misses you.
You shoot an arrow.
The arrow hits the sleepcap but does no damage.
The sleepcap is severely damaged.
The sleepcap misses you. The iguana closely misses you.
The iguana completely misses you. The sleepcap releases spores at you.
You are engulfed in a cloud of soporific spores!
You fall asleep.
The sleepcap completely misses you. The iguana bites you.
You wake up.
2370 ||| READING 2 scrolls of teleportation.
As you read the scroll of teleportation, it crumbles to dust.
You feel strangely unstable. The sleepcap misses you. The iguana bites you!
You die...

#.# ## #.# .. . # #.# #.
.. .# #.# #. .## #. #.#
#. ..# #> #.# ###. #.#.
#.###...
##..###l#########.......
.......@..............#.
##..###f###############.
.... #% ##...# #% ....#
#### ..#... .... .#....#
#### ..##.#..


You could see a sleepcap and an iguana.

Vanquished Creatures
  A phantom (D:4)
  A hound (D:4)
  An orc wizard (D:2)
  4 adders
  3 dart slugs
  2 ribbon worms
  9 orcs
  4 endoplasms
  5 giant cockroaches
  3 goblins
  6 hobgoblins
  6 jackals
  6 quokkas
  6 ball pythons
  8 bats
  9 frilled lizards
  A kobold (D:3)
  10 rats
85 creatures vanquished.

Notes
Turn   | Place    | Note
-------+----------+-------------------------------------------
     0 | D:1      | qw the Spriggan Hunter began the quest for the Orb.
     0 | D:1      | Reached XP level 1. HP: 10/10 MP: 2/2
     0 | D:1      | 0 ||| qw: Version: 0.3-a-157-g843a77d
     0 | D:1      | 0 ||| qw: Game counter: 3760
     0 | D:1      | 0 ||| qw: Melee chars always use a shield: true
     0 | D:1      | 0 ||| qw: God list: Okawaru
     0 | D:1      | 0 ||| qw: Allow faded altars: false
     0 | D:1      | 0 ||| qw: Do Orc after clearing Dungeon:15 true
     0 | D:1      | 0 ||| qw: Do second Lair branch before Depths: true
     0 | D:1      | 0 ||| qw: Lair rune preference: random
     0 | D:1      | 0 ||| qw: Goals: Normal
     0 | D:1      | 0 ||| PLANNING D:1-11
    26 | D:1      | Reached skill level 3 in Dodging
   111 | D:1      | Reached XP level 2. HP: 14/14 MP: 3/3
   455 | D:1      | 455 ||| READING scroll labelled OLINUO ZAKETT.
   480 | D:1      | 480 ||| READING scroll labelled JULY POSAATO.
   480 | D:1      | 480 ||| IDENTIFYING glowing silvery potion
   481 | D:1      | 481 ||| DRINKING 2 golden potions.
   482 | D:1      | 482 ||| DRINKING 2 orange potions.
   483 | D:1      | 483 ||| DROPPING scroll of butterflies.
   484 | D:1      | 484 ||| DROPPING potion of attraction.
   523 | D:2      | Reached XP level 3. HP: 18/18 MP: 4/4
   574 | D:2      | Reached skill level 5 in Ranged Weapons
   579 | D:2      | Reached XP level 4. HP: 12/22 MP: 5/5
   625 | D:2      | Found Kiysmef's Magic Scroll Shop.
   906 | D:2      | 906 ||| BUYING scroll of identify (28 gold).
   906 | D:2      | Bought a scroll of identify for 28 gold pieces
   906 | D:2      | 906 ||| BUYING scroll of identify (28 gold).
   906 | D:2      | Bought a scroll of identify for 28 gold pieces
   906 | D:2      | 906 ||| BUYING scroll of teleportation (42 gold).
   906 | D:2      | Bought a scroll of teleportation for 42 gold pieces
   906 | D:2      | 906 ||| SHOPLISTING scroll of teleportation (42 gold, have
                  | 9).
  1332 | D:2      | 1332 ||| READING 3 scrolls of identify.
  1332 | D:2      | 1332 ||| IDENTIFYING inky potion
  1439 | D:3      | Reached XP level 5. HP: 26/26 MP: 6/6
  1440 | D:3      | Found a faded altar of an unknown god.
  1941 | D:3      | 1941 ||| READING 4 scrolls of identify.
  1941 | D:3      | 1941 ||| IDENTIFYING clear potion
  1942 | D:3      | 1942 ||| READING 3 scrolls of identify.
  1942 | D:3      | 1942 ||| IDENTIFYING scroll labelled WAECZO HOOHODUL
  1943 | D:3      | 1943 ||| READING 2 scrolls of identify.
  1943 | D:3      | 1943 ||| IDENTIFYING scroll labelled AVEV LYAXZAREUSM
  1944 | D:3      | 1944 ||| READING scroll of identify.
  1944 | D:3      | 1944 ||| IDENTIFYING scroll labelled KER MEWNAYPISCHI
  1945 | D:3      | 1945 ||| DROPPING scroll of amnesia.
  1946 | D:3      | 1946 ||| DROPPING scroll of noise.
  1947 | D:3      | 1947 ||| DROPPING scroll of vulnerability.
  1948 | D:3      | 1948 ||| DROPPING potion of berserk rage.
  2131 | D:4      | Noticed a phantom
  2145 | D:4      | Killed a phantom
  2146 | D:4      | Reached skill level 6 in Ranged Weapons
  2146 | D:4      | Reached XP level 6. HP: 22/30 MP: 7/7
  2369 | D:4      | HP: 6/30 [iguana (4)]
  2370 | D:4      | 2370 ||| READING 2 scrolls of teleportation.
  2370 | D:4      | Slain by an iguana

Levels and vault maps discovered:
D:1:      lightli_arrival_statuegarden, layout_rooms, st_stairs_1
D:2:      kennysheep_big_flooded_room, layout_basic, serial_shops,
          nicolae_shop_waterfront, serial_glass, glass_columns_b,
          glass_columns_b, minmay_crystal_water
D:3:      layout_loops_ring, hellmonk_ecumenical_altar_dog_temple
D:4:      layout_loops_ring

Skill      XL: |  1  2  3  4  5 |
---------------+----------------+-----
Dodging        | 3 4 5 |  5.0
Ranged Weapons | 5 6 |  6.3
Fighting       | 2 |  2.1
Stealth        | |  1.5

Action                     |  1- 3 |  4- 6 || total
---------------------------+-------+-------++-------
   Fire: Shortbow          |    88 |   134 ||   222
    Use: Scroll            |     2 |     6 ||     8
         Potion            |     2 |       ||     2
 Armour: Robe              |     9 |    19 ||    28
  Dodge: Dodged            |    28 |    39 ||    67

Table legend:
 A = Non-vault XP
 B = Vault XP
 C = Vault XP percentage of total XP
 D = Non-vault monster count
 E = Vault monster count
 F = Vault count percentage of total count
                 A         B        C        D         E       F
            +---------+---------+-------+---------+---------+-------
      Total |     380 |      10 |   2.6 |      78 |       7 |   8.2
            +---------+---------+-------+---------+---------+-------
        D:1 |      36 |       4 |  10.0 |      23 |       3 |  11.5
        D:2 |     118 |       2 |   1.7 |      24 |       2 |   7.7
        D:3 |      55 |       4 |   6.8 |      20 |       2 |   9.1
        D:4 |     171 |       0 |   0.0 |      11 |       0 |   0.0
            +---------+---------+-------+---------+---------+-------
